 Dungeon Crawl Stone Soup version 0.30-a0-6-g7c9e10e132 (webtiles) character file.

Game seed: 1926805883061504108

1994 freelancePsychic the Cutter (level 9, -2/68 HPs)
             Began as a Human Wanderer on Aug 22, 2022.
             Was a Believer of Okawaru.
             Slain by Grum
             ... wielding a +0 spear
              (10 damage)
             ... on level 7 of the Dungeon.
             The game lasted 00:17:45 (9027 turns).

freelancePsychic the Cutter (Human Wanderer)        Turns: 9027, Time: 00:17:46

Health: -2/68      AC: 13    Str: 12    XL:     9   Next: 45%
Magic:  12/12      EV: 10    Int: 11    God:    Okawaru [**....]
Gold:   95         SH:  0    Dex: 19    Spells: 10/12 levels left

rFire   + . .      SeeInvis .    c - +2 dagger (venom)
rCold   . . .      Faith    .    (no shield)
rNeg    . . .      Spirit   .    t - +0 ring mail {rF+}
rPois   .          Reflect  .    s - +2 hat
rElec   +          Harm     .    v - +2 cloak of Fashionability {rElec}
rCorr   .          Rampage  .    l - +0 pair of gloves
Will    .....                    h - +0 pair of boots
Stlth   ++........               (no amulet)
HPRegen 0.21/turn                (no ring)
MPRegen 0.13/turn                (no ring)

@: no status effects
A: no striking features
a: Renounce Religion, Heroism


You were on level 7 of the Dungeon.
You worshipped Okawaru.
Okawaru was pleased with you.
You visited 2 branches of the dungeon, and saw 9 of its levels.

You collected 457 gold pieces.
You spent 362 gold pieces at shops.

Inventory:

Hand Weapons
 a - a +0 rapier
 c - a +2 dagger of venom (weapon)
 w - a +0 scimitar
Armour
 h - a +0 pair of boots (worn)
 l - a +0 pair of gloves (worn)
 s - a +2 hat (worn)
 t - a +0 ring mail of fire resistance (worn)
 u - a +0 buckler
 v - the +2 cloak of Fashionability (worn) {rElec}
   (You bought it in a shop on level 6 of the Dungeon)

   rElec:     It insulates you from electricity.
Scrolls
 b - 4 scrolls of magic mapping
 e - 3 scrolls of identify {@r1}
 j - 4 scrolls of teleportation {@r4}
 k - a scroll of silence
 m - a scroll of vulnerability
Potions
 d - 2 potions of cancellation
 g - a potion of lignification
 i - 2 potions of ambrosia
 n - 4 potions of might
 o - a potion of brilliance
 p - 2 potions of curing {@q1}
 q - a potion of haste {@q3}


   Skills:
 + Level 5.1 Fighting
 * Level 7.5 Short Blades
 - Level 3.0 Armour
 - Level 1.0 Dodging
 - Level 5.0 Stealth
 - Level 2.0 Spellcasting
 - Level 4.8 Transmutations
 - Level 3.8 Invocations


You had 10 spell levels left.
You knew the following spells:

 Your Spells              Type           Power      Damage    Failure   Level
a - Wereblood             Tmut           11%        N/A       13%         2

Your spell library contained the following spells:

 Spells                   Type           Power      Damage    Failure   Level
 Passwall                 Tmut/Erth      5%         N/A       34%         2
 Ignite Poison            Fire/Tmut/Pois 4%         N/A       67%         3
 Conjure Flame            Conj/Fire      1%         6-21      88%         3
 Sticky Flame             Conj/Fire      1%         2d3       99%         4
 Storm Form               Tmut/Air       3%         N/A       100%        7
 Maxwell's Capacitive Co  Air            0%         ∞         100%        8
 Summon Lightning Spire   Summ/Air       Unusable   N/A       N/A         4

Dungeon Overview and Level Annotations

Branches:
Dungeon (8/15)             Temple (1/1) D:4
   Lair: D:8-11

Altars:
Fedhas
Kikubaaqudgha
Okawaru
Qazlal
Trog
Uskayaw
Yredelemnul
The Shining One

Shops:
D:6 [:*=[

Annotations:
D:5 exclusions: 2 orcs and orc priest
D:6 1 runed translucent door, Crazy Yiuf
D:7 exclusion: wight, Grum


Message History

Grum is moderately wounded.
You closely miss Grum. You punch Grum.
Grum is moderately wounded.
Grum barely misses you.
You hit Grum but do no damage.
Grum is moderately wounded.
Grum hits you with a +0 spear!
You are too injured to fight recklessly!
You are too injured to fight recklessly!
You are too injured to fight recklessly!
You are too injured to fight recklessly!
You are too injured to fight recklessly!
You closely miss Grum.
Grum is moderately wounded.
You howl as the wereblood boils in your veins!
You hit Grum but do no damage.
Grum looks as sick as possible!
Grum is moderately wounded.
Grum hits you with a +0 spear.
You puncture Grum!
Grum looks as sick as possible!
Grum is heavily wounded.
You howl as the wereblood boils in your veins!
Your primal bloodlust is almost over.
Grum shouts, "Pluto!
Good boy!"
Grum hits you but does no damage.
There is a stone staircase leading up, spattered with blood here.
Grum hits you but does no damage.
You howl as the wereblood boils in your veins!
Grum hits you with a +0 spear!
There is a stone staircase leading up, spattered with blood here.
You hit Grum.
Grum looks as sick as possible!
Grum is severely wounded.
Grum hits you but does no damage. Grum hits you with a +0 spear!
* * * LOW HITPOINT WARNING * * *
You climb upwards.
Level annotation: exclusion: wight Your primal bloodlust has ended.
There is a stone staircase leading down here.
Grum hits you from afar with a +0 spear!
You die...

#..#.....#....##.#.#.......)..
#.##)###..###+##.#.#......(...
####.##.# ##..........##..#.##...
...#....####.......###...##'##...
##.#...............##..##........
#.#.............###..###........
#.#..........##..#..## #........
#.#..........###.g.## #........
##.#..(...)...'.@>.## #........
##.#.†......).###### #......##
'..#........)......# #......#
####...............# #......# #
#...............# #......# #
######...#......# #......# #
#...#......## #......# #
#...........# ######## #
#...........#


You could see Grum (extremely poisoned).

Vanquished Creatures
  3 water moccasins (D:6)
  2 orc warriors
  3 wolves
  A centaur (D:7)
  A kobold brigand (D:6)
  A gnoll sergeant (D:6)
  A bullfrog (D:7)
  3 scorpions
  2 wights
  A howler monkey (D:5)
  2 hounds (D:4)
  2 jellies (D:6)
  A gnoll bouda (D:8)
  2 orc priests
  Ijyb (D:3)
  2 orc wizards (D:6)
  11 gnolls
  11 adders
  3 shadow imps (D:5)
  2 white imps (D:5)
  An ufetubus (D:7)
  2 worms (D:4)
  4 dart slugs
  24 orcs
  3 ball pythons
  5 bats
  5 endoplasms
  4 giant cockroaches
  8 goblins
  11 hobgoblins
  4 jackals (D:5)
  5 kobolds
  3 quokkas
  2 frilled lizards
  4 rats
140 creatures vanquished.

Vanquished Creatures (collateral kills)
  2 kobolds (D:1)
  A quokka (D:1)
  A frilled lizard (D:1)
4 creatures vanquished.

Vanquished Creatures (others)
  4 plants (D:2)
4 creatures vanquished.

Grand Total: 148 creatures vanquished

Notes
Turn   | Place    | Note
-------+----------+-------------------------------------------
     0 | D:1      | freelancePsychic the Human Wanderer began the quest for the
                  | Orb.
     0 | D:1      | freelancePsychic set off with the following items: a +0
                  | rapier, a +0 ring mail, a scroll of summoning; and the
                  | following spells available to memorise: Wereblood,
                  | Passwall.
     0 | D:1      | Reached XP level 1. HP: 13/13 MP: 3/3
    67 | D:1      | Reached XP level 2. HP: 19/20 MP: 5/5
   570 | D:1      | Learned a level 2 spell: Wereblood
   579 | D:1      | Reached skill level 1 in Fighting
   579 | D:1      | Reached XP level 3. HP: 26/26 MP: 6/6
  1091 | D:1      | Found a faded altar of an unknown god.
  1251 | D:2      | Reached skill level 3 in Short Blades
  1367 | D:2      | Reached XP level 4. HP: 28/32 MP: 7/7
  1466 | D:2      | You fall into a shaft and drop 2 floors!
  1628 | D:3      | Noticed Ijyb
  1932 | D:2      | Reached skill level 1 in Stealth
  1965 | D:2      | Reached XP level 5. HP: 32/37 MP: 8/8
  2543 | D:3      | Killed Ijyb
  3027 | D:4      | Found a staircase to the Ecumenical Temple.
  3034 | Temple   | Entered the Ecumenical Temple
  3194 | Temple   | Became a worshipper of Warmaster Okawaru
  3238 | D:4      | Reached skill level 4 in Short Blades
  3238 | D:4      | Reached XP level 6. HP: 43/43 MP: 9/9
  3625 | D:4      | Noticed a moth of wrath
  3697 | D:4      | Found a bloodstained altar of Trog.
  4250 | D:5      | Entered Level 5 of the Dungeon
  4348 | D:5      | Found a hide-covered altar of Uskayaw.
  4784 | D:5      | Reached XP level 7. HP: 49/49 MP: 10/10
  4966 | D:5      | Reached skill level 1 in Invocations
  5265 | D:6      | Found Geetuu's Antique Armour Emporium.
  5276 | D:6      | Bought an embroidered hat for 182 gold pieces
  5355 | D:6      | Found Quynycump's General Store.
  5373 | D:6      | Found Hilatwom's Book Boutique.
  5398 | D:6      | Noticed a water moccasin
  5443 | D:6      | Found a runed translucent door.
  5444 | D:6      | Noticed Crazy Yiuf
  5500 | D:6      | Reached skill level 5 in Stealth
  5574 | D:6      | Found Ritorur's Antique Armour Boutique.
  5706 | D:6      | Reached skill level 5 in Short Blades
  5925 | D:6      | Noticed a water moccasin
  5937 | D:6      | Killed a water moccasin
  5937 | D:6      | Reached * piety under Okawaru
  5938 | D:6      | Reached XP level 8. HP: 52/58 MP: 11/11
  6215 | D:6      | Found Qisobb's Jewellery Boutique.
  6588 | D:6      | Bought a shimmering cloak for 180 gold pieces
  6588 | D:6      | Identified the +2 cloak of Fashionability {rElec} (You
                  | bought it in a shop on level 6 of the Dungeon)
  7192 | D:7      | Reached skill level 6 in Short Blades
  7274 | D:7      | Reached ** piety under Okawaru
  7865 | D:6      | Reached XP level 9. HP: 42/64 MP: 9/12
  8523 | D:8      | Reached skill level 7 in Short Blades
  8811 | D:8      | Noticed Grum
  8999 | D:8      | Reached skill level 5 in Fighting
  9027 | D:7      | Slain by Grum

Illustrated notes

Levels and vault maps discovered:
D:1:      lightli_arrival_isolated_outpost, layout_rooms,
          hellmonk_ecumenical_altar_inner_sanctum, kennysheep_boxes
D:2:      cheibrodos_old_hovel, layout_loops_cross
D:3:      layout_loops_cross, minmay_misc_feat_diagonals, uniq_ijyb
D:4:      layout_loops_corners, tgw_trog, minmay_temple_entry_overgrown,
          due_unseen_surprise
D:5:      layout_loops_ring, mainiacjoe_overflow_concentric_impassable
D:6:      layout_gridville, serial_shops, shop_statue,
          nicolae_shop_window_shopping, nicolae_shop_trees, shop,
          kennysheep_mini_moat, hangedman_glass_teeth, uniq_crazy_yiuf_cottage
D:7:      layout_basic, chequers_garden
D:8:      layout_cave_pools, grunt_temple_overflow_order_and_chaos_2,
          regret_index_temple_of_mockery, overflow_temple_1_default,
          gammafunk_temple_overflow_forgotten, special_room [special_room_orc],
          uniq_grum, uniq_amaemon, uniq_maurice
Temple:   nicolae_temple_bog_church

Skill      XL: |  1  2  3  4  5  6  7  8  9 |
---------------+----------------------------+-----
Fighting       | 1 3 4 5 |  5.1
Short Blades   | 3 4 5 6 7 |  7.5
Stealth        | 1 3 4 5 |  5.0
Invocations    | 2 3 |  3.8
Transmutations | 4 |  4.8
Armour         | |  3.0
Dodging        | |  1.0
Spellcasting   | |  2.0

Action                   |  1- 3 |  4- 6 |  7- 9 || total
-------------------------+-------+-------+-------++-------
Melee: Rapier            |    36 |       |       ||    36
       Punch             |     1 |     2 |     8 ||    11
       Dagger            |    45 |   187 |   381 ||   613
 Cast: Wereblood         |       |       |     6 ||     6
Invok: Heroism           |       |       |     5 ||     5
Evoke: Wand              |       |       |     5 ||     5
  Use: Scroll            |     3 |    11 |     5 ||    19
       Potion            |     1 |       |     2 ||     3
 Stab: Sleeping          |       |     5 |     2 ||     7
       Invisible         |       |       |     3 ||     3
Armor: Ring mail         |    26 |    65 |   153 ||   244
Dodge: Dodged            |    47 |    68 |   178 ||   293

Table legend: (Time is in decaauts)
 A = Elapsed time spent in this place.
 B = Non-inter-level travel time spent in this place.
 C = Inter-level travel time spent in this place.
 D = Time resting spent in this place.
 E = Time spent auto-exploring this place.
 F = Levels seen in this place.
 G = Mean time per level.
                   A        B        C        D        E       F      G
               +--------+--------+--------+--------+--------+-----+--------+
         Total |   8876 |   8632 |    244 |   1289 |   5884 |   9 |  986.2 |
       Dungeon |   8696 |   8476 |    220 |   1289 |   5740 |   8 | 1087.0 |
        Temple |    180 |    157 |     23 |      0 |    143 |   1 |  180.0 |
               +--------+--------+--------+--------+--------+-----+--------+

Top non-repeatable levels by time:
     D:6: 2154 daAuts
     D:1: 1248 daAuts
     D:7: 1228 daAuts
     D:4: 1146 daAuts
     D:5: 994 daAuts
     D:3: 983 daAuts
     D:2: 669 daAuts
     D:8: 270 daAuts
  Temple: 180 daAuts
